 Dungeon Crawl Stone Soup version 0.24-a0-235-g3f03afc (webtiles) character file.

Game seed: 7708640199404070414

78 Partyfoot the Grasshopper (level 4, 0/38 HPs)
             Began as a Draconian Warper on Apr 6, 2019.
             Slain by Terence
             ... wielding a +0 war axe
              (6 damage)
             ... on level 2 of the Dungeon.
             The game lasted 00:05:19 (1416 turns).

Partyfoot the Grasshopper (Draconian Warper)        Turns: 1416, Time: 00:05:19

Health: 0/38       AC:  5    Str: 10 (13) XL:     4   Next: 15%
Magic:  7/7        EV: 12    Int: 11 (14) God:
Gold:   42         SH:  0    Dex:  9 (11) Spells: 4/8 levels left

rFire    . . .     SeeInvis .   a - +0 falchion
rCold    . . .     Gourm    .   (no shield)
rNeg     . . .     Faith    .   (armour unavailable)
rPois    .         Spirit   .   (helmet restricted)
rElec    .         Reflect  .   (no cloak)
rCorr    .         Harm     .   (no gloves)
MR       .....                  (no boots)
Stlth    +.........             (no amulet)
HPRegen  0.12/turn              (no ring)
MPRegen  0.10/turn              (no ring)

@: no status effects
A: unfitting armour, cold-blooded, AC +5
a: no special abilities


You were on level 2 of the Dungeon.
You were not hungry.

You visited 1 branch of the dungeon, and saw 2 of its levels.

You collected 42 gold pieces.

Inventory:

Hand Weapons
 a - a +0 falchion (weapon)
Jewellery
 j - a cursed amulet of inaccuracy {unknown}
Scrolls
 b - a scroll of fear {unknown}
 c - a scroll of blinking
 e - a scroll of identify {unknown}
 g - 2 scrolls of immolation {unknown}
 h - 3 scrolls of remove curse {unknown}
 l - 2 scrolls of teleportation {unknown}
Potions
 k - a potion of resistance {unknown}
 m - a potion of flight {unknown}
 n - a potion of magic {unknown}
Comestibles
 f - 5 rations
 i - 4 chunks of flesh


   Skills:
 + Level 3.0 Fighting
 + Level 2.6 Long Blades
 - Level 0.8 Throwing
 + Level 2.7 Dodging
 + Level 2.6 Spellcasting
 + Level 1.0 Charms
 - Level 3.0 Translocations


You had 4 spell levels left.
You knew the following spells:

 Your Spells              Type           Power        Failure   Level  Hunger
a - Shroud of Golubria    Chrm/Tloc      #.........   19%         2    ###....
b - Blink                 Tloc           N/A          12%         2    ###....

Your spell library contained the following spells:

 Spells                   Type           Power        Failure   Level  Hunger
 Gell's Gravitas          Tloc           #.........   24%         3    ####...
 Lesser Beckoning         Tloc           #.........   24%         3    ####...
 Teleport Other           Tloc           #.......     24%         3    ####...
 Passage of Golubria      Tloc           N/A          63%         4    #####..


Dungeon Overview and Level Annotations

Branches:
Dungeon (2/15)

Altars:
Cheibriados

Annotations:
D:2 Terence


Innate Abilities, Weirdness & Mutations

Your plain brown scales are hard. (AC +5)
You cannot fit into any form of body armour.
You are cold-blooded and may be slowed by cold attacks.


Message History

* * * LOW HITPOINT WARNING * * *
You closely miss Terence.
Terence is severely wounded.
Terence screams, "I want your blood!" Terence hits you with a +0 war axe.
* * * LOW HITPOINT WARNING * * *
You barely miss Terence.
Terence is severely wounded.
Terence barely misses you.
You riposte.
You closely miss Terence. You tail-slap Terence.
Terence is severely wounded.
You barely miss Terence.
Your tail-slap misses Terence.
Terence is severely wounded.
You hit Terence but do no damage.
Your tail-slap misses Terence.
Terence is severely wounded.
Terence barely misses you.
You hit Terence.
Terence is almost dead.
Terence hits you with a +0 war axe.
You die...

######......##.... ..#......
#.........#h##.#..# .........
#...........##.# ..##..##.....
#..........##..# .....##.....
#.........##...####....##.....
#.........#....÷.÷.(##........
#..............).###....#.....
#.............@..# #.##.#.....
#............@...###.##.#..^..
#.........#.....###..##.......
##..#######÷....###.###.......
###..# #.÷.....##.#.....####
#...## #.......##.).###.####
#...# #.......###### #.....
#.### ##.....## ###### ###
##...## #####


You could see Terence.

Vanquished Creatures
  5 adders
  A dart slug (D:1)
  A leopard gecko (D:2)
  2 goblins
  A hobgoblin (D:2)
  6 jackals
  A quokka (D:2)
  3 bats
  A frilled lizard (D:2)
  A kobold (D:2)
  13 rats
35 creatures vanquished.

Notes
Turn   | Place    | Note
-------+----------+-------------------------------------------
     0 | D:1      | Partyfoot the Draconian Warper began the quest for the Orb.
     0 | D:1      | Reached XP level 1. HP: 17/17 MP: 3/3
    27 | D:1      | Reached XP level 2. HP: 11/25 MP: 5/5
   455 | D:1      | Learned a level 2 spell: Shroud of Golubria
   458 | D:1      | Learned a level 2 spell: Blink
   721 | D:2      | Noticed Terence
   733 | D:1      | Reached XP level 3. HP: 23/30 MP: 6/6
   835 | D:2      | Found a snail-covered altar of Cheibriados.
  1377 | D:2      | Reached XP level 4. HP: 37/37 MP: 7/7
  1402 | D:2      | Reached skill level 1 in Charms
  1416 | D:2      | Slain by Terence

Levels and vault maps discovered:
D:1:      erik_arrival_orb_chamber, layout_basic, minmay_misc_feat_plants,
          glass_columns_a
D:2:      layout_rooms, lemuel_crystal_altar, lemuel_crystal_altar, uniq_terence

Skill      XL: |  1  2  3  4 |
---------------+-------------+-----
Fighting       | 3 |  3.0
Charms         | 1 |  1.0
Long Blades    | |  2.6
Throwing       | |  0.8
Dodging        | |  2.7
Spellcasting   | |  2.6
Translocations | |  3.0

Action                   |  1- 3 |  4- 6 || total
-------------------------+-------+-------++-------
Melee: Falchion          |    94 |    27 ||   121
       Tailslap          |     5 |     1 ||     6
Throw: Tomahawk          |     2 |     3 ||     5
  Use: Potion            |     2 |       ||     2
  Eat: Chunk             |     2 |       ||     2
Armor: Skin              |    45 |     8 ||    53
Dodge: Dodged            |    90 |    16 ||   106
       Rpst.: Falchion   |    29 |     4 ||    33

Table legend:
 A = Non-vault XP
 B = Vault XP
 C = Vault XP percentage of total XP
 D = Non-vault monster count
 E = Vault monster count
 F = Vault count percentage of total count
                 A         B        C        D         E       F
            +---------+---------+-------+---------+---------+-------
      Total |     100 |      12 |  10.7 |      23 |      12 |  34.3
            +---------+---------+-------+---------+---------+-------
        D:1 |      28 |      12 |  30.0 |       8 |      12 |  60.0
        D:2 |      72 |       0 |   0.0 |      15 |       0 |   0.0
            +---------+---------+-------+---------+---------+-------
